 Dungeon Sprint DCSS version 0.23.2-11-gf996548c65 (webtiles) character file.

Game seed: 8251365268848342550

709 Kobolds4U the Cleaver (level 7, 0/74 HPs)
             Began as a Minotaur Fighter on June 3, 2019.
             Was an Initiate of Okawaru.
             Slain by a chaos spawn (16 damage)
             ... summoned by a kobold demonologist
             ... in the Dungeon (Sprint I: "Red Sonja").
             The game lasted 00:01:47 (440 turns).

Kobolds4U the Cleaver (Minotaur Fighter)             Turns: 440, Time: 00:01:48

Health: 0/74       AC: -32   Str: 20    XL:     7   Next: 40%
Magic:  6/6        EV:  7    Int:  5    God:    Okawaru [......]
Gold:   405        SH:  9    Dex: 12    Spells: 6/6 levels left

rFire    . . .     SeeInvis .   a - +0 war axe
rCold    . . .     Gourm    .   c - +0 shield
rNeg     . . .     Faith    .   b - +0 scale mail
rPois    .         Spirit   .   (helmet restricted)
rElec    .         Reflect  .   (no cloak)
rCorr    .         Harm     .   (no gloves)
MR       .....     NoTele   +   (no boots)
Stlth    ..........             (no amulet)
HPRegen  0.22/turn              (no ring)
MPRegen  0.10/turn              (no ring)

@: corroded
A: retaliatory headbutt, horns 2
a: Renounce Religion


You were in the Dungeon.
You worshipped Okawaru.
Okawaru was noncommittal.
You were not hungry.

You visited 1 branch You collected 405 gold pieces.

Inventory:

Hand Weapons
 a - a +0 war axe (weapon)
Armour
 b - a +0 scale mail (worn)
 c - a +0 shield (worn)
Scrolls
 k - a scroll of blinking
Potions
 d - a potion of might
 e - 2 potions of curing
 h - a potion of haste
 i - 2 potions of magic
Comestibles
 f - a ration


   Skills:
 + Level 11.1 Fighting
 * Level 14.4 Axes
 + Level 7.3 Armour
 - Level 3.6 Shields


You had 6 spell levels left.
You didn't know any spells.
Your spell library was empty.

Dungeon Overview and Level Annotations

Branches:
Dungeon (1/1)

Altars:
Cheibriados
Dithmenos
Elyvilon
Fedhas
Gozag
Hepliaklqana
Kikubaaqudgha
Makhleb
Nemelex Xobeh
Okawaru
Qazlal
Ru
Sif Muna
Trog
Uskayaw
Vehumet
Wu Jian
Xom
Yredelemnul
Zin
The Shining One
Jiyva
Lugonu

Shops:
D }


Innate Abilities, Weirdness & Mutations

You reflexively headbutt those who attack you in melee.
You have a pair of horns on your head.


Message History

Your headbutt misses the kobold demonologist.
The kobold demonologist is almost dead.
You barely miss the kobold demonologist.
You barely miss the chaos spawn.
The kobold demonologist casts a spell.
The kobold demonologist hits you with a +0 dagger.
The chaos spawn hits you. The chaos spawn shocks you.
* * * LOW HITPOINT WARNING * * *
You hit the kobold demonologist but do no damage.
Your headbutt misses the kobold demonologist.
The kobold demonologist is almost dead.
You hit the kobold demonologist.
You hit the chaos spawn but do no damage.
You hit the white imp but do no damage.
The kobold demonologist hits you with a +0 dagger.
* * * LOW HITPOINT WARNING * * *
The kobold demonologist hits you with a +0 dagger.
* * * LOW HITPOINT WARNING * * *
The chaos spawn hits you!
You die...

#####################
.)..#..'..#__#§5@K4§#
.#..').#..'^.'§4#K5§#
###'#####'#__####4.5+
##..#...#[#### ####
_####..##(#
____##'#_.+
.∩...'..._#
..__##_.#'#
____###+#(#


You could see an ice devil, a rust devil, 2 kobold demonologists, a chaos spawn,
an iron imp, a white imp and an ufetubus.

Vanquished Creatures
  A slime creature (D)
  Sigmund (D)
  A yak (D)
  A floating eye (D)
  An ogre (D)
  A jelly (D)
  Ijyb (D)
7 creatures vanquished.

Notes
Turn   | Place    | Note
-------+----------+-------------------------------------------
     0 | D        | Kobolds4U the Minotaur Fighter began the quest for the Orb.
     0 | D        | Reached XP level 1. HP: 19/19 MP: 0/0
     1 | D        | Noticed Ijyb
    17 | D        | Killed Ijyb
    17 | D        | Reached skill level 5 in Fighting
    17 | D        | Reached skill level 6 in Axes
    17 | D        | Reached XP level 2. HP: 26/29 MP: 1/1
    44 | D        | Noticed an ogre
    49 | D        | Killed an ogre
    49 | D        | Reached skill level 9 in Axes
    49 | D        | Reached XP level 3. HP: 39/39 MP: 2/2
    49 | D        | Reached XP level 4. HP: 47/47 MP: 3/3
    94 | D        | Noticed Sigmund
   101 | D        | Killed Sigmund
   101 | D        | Reached skill level 12 in Axes
   101 | D        | Reached XP level 5. HP: 57/57 MP: 4/4
   122 | D        | Found a burning altar of Makhleb.
   122 | D        | Found a viscous altar of Jiyva.
   122 | D        | Found a shimmering altar of Xom.
   122 | D        | Found a corrupted altar of Lugonu.
   122 | D        | Noticed a slime creature
   129 | D        | Killed a slime creature
   129 | D        | Reached skill level 10 in Fighting
   129 | D        | Reached skill level 13 in Axes
   129 | D        | Reached skill level 5 in Armour
   129 | D        | Reached XP level 6. HP: 47/66 MP: 5/5
   217 | D        | Found an ornate altar of the Wu Jian Council.
   217 | D        | Found a deep blue altar of Sif Muna.
   219 | D        | Found a radiant altar of Vehumet.
   371 | D        | Found Yfolo's Gadget Emporium.
   371 | D        | Found an ancient bone altar of Kikubaaqudgha.
   371 | D        | Found a hazy altar of Hepliaklqana.
   371 | D        | Found a stormy altar of Qazlal.
   371 | D        | Found a hide-covered altar of Uskayaw.
   371 | D        | Found a blossoming altar of Fedhas.
   371 | D        | Found a bloodstained altar of Trog.
   371 | D        | Found an iron altar of Okawaru.
   371 | D        | Found a basalt altar of Yredelemnul.
   371 | D        | Found a glowing golden altar of the Shining One.
   371 | D        | Found a snail-covered altar of Cheibriados.
   371 | D        | Found a sacrificial altar of Ru.
   371 | D        | Found a glowing silver altar of Zin.
   371 | D        | Found a shadowy altar of Dithmenos.
   371 | D        | Found a white marble altar of Elyvilon.
   371 | D        | Noticed a yak
   375 | D        | Killed a yak
   375 | D        | Reached skill level 14 in Axes
   375 | D        | Reached XP level 7. HP: 73/73 MP: 6/6
   376 | D        | Found an opulent altar of Gozag.
   377 | D        | Found a sparkling altar of Nemelex Xobeh.
   382 | D        | Became a worshipper of Warmaster Okawaru
   408 | D        | Noticed a kobold demonologist
   408 | D        | Noticed a kobold demonologist
   412 | D        | Noticed a smoke demon
   413 | D        | Noticed a rust devil
   417 | D        | Noticed a rust devil
   425 | D        | Noticed a rust devil
   434 | D        | Noticed an ice devil
   436 | D        | Noticed a chaos spawn
   440 | D        | Slain by a chaos spawn

Skill      XL: |  1  2  3  4  5  6  7 |
---------------+----------------------+-----
Fighting       | 5 7 9 10 11 | 11.1
Axes           | 6 9 12 13 14 | 14.4
Armour         | 5 6 7 |  7.3
Shields        | |  3.6

Action                   |  1- 3 |  4- 6 |  7- 9 || total
-------------------------+-------+-------+-------++-------
Melee: War axe           |    19 |    20 |    30 ||    69
       Headbutt          |     2 |     6 |     7 ||    15
  Use: Potion            |     1 |       |     1 ||     2
Armor: Scale mail        |     6 |     1 |     3 ||    10
Dodge: Dodged            |     6 |     2 |     7 ||    15
Block: Shield            |     9 |     5 |    20 ||    34
